 Dungeon Crawl Stone Soup version 0.19.4 (webtiles) character file.

154 Mefis the Magician (level 5, -3/28 HPs)
             Began as a Deep Elf Wizard on Jan 31, 2017.
             Killed from afar by an orc wizard (11 damage)
             ... with a magic dart
             ... on level 2 of the Dungeon.
             The game lasted 00:05:37 (3276 turns).

Mefis the Magician (Deep Elf Wizard)                Turns: 3276, Time: 00:05:37

Health: -3/28      AC:  2    Str:  4    XL:     5   Next: 13%
Magic:  14/14      EV: 13    Int: 24    God:
Gold:   162        SH:  0    Dex: 13    Spells: 6 memorised, 1 level left

rFire  . . .     SeeInvis .     j - +0 dagger
rCold  . . .     Gourm    .     i - +0 robe (curse)
rNeg   . . .     Faith    .     (no shield)
rPois  .         Spirit   .     b - +0 hat
rElec  .         Reflect  .     (no cloak)
rCorr  .         Harm     .     (no gloves)
MR     .....                    (no boots)
Stlth  +.........               (no amulet)
                                (no ring)
                                (no ring)

@: confused
A: no striking features
a: no special abilities


You were on level 2 of the Dungeon.
You were hungry.

You visited 1 branch of the dungeon, and saw 3 of its levels.

You collected 162 gold pieces.

Inventory:

Hand Weapons
 j - a +0 dagger (weapon)
Missiles
 e - 39 poisoned needles
 l - 19 sling bullets
Armour
 a - a +0 robe
 b - a +0 hat (worn)
 i - a cursed +0 robe (worn)
Jewellery
 k - an uncursed ring of magical power {unknown}
Scrolls
 f - a scroll of fog {unknown}
 h - a scroll of random uselessness {unknown}
 m - a scroll of remove curse {unknown}
 n - 4 scrolls of identify {unknown}
 r - 2 scrolls of enchant weapon {unknown}
 t - a scroll of noise {unknown}
Potions
 g - a potion of cancellation {unknown}
 o - a potion of agility {unknown}
 q - a potion of curing {unknown}
 v - a potion of might {unknown}
Books
 c - a book of Minor Magic

   Spells                             Type                      Level
   a - Magic Dart                     Conjuration                  1
   b - Blink                          Translocation                2
   c - Call Imp                       Summoning                    2
   d - Repel Missiles                 Charms/Air                   2
   e - Slow                           Hexes                        2
   f - Conjure Flame                  Conjuration/Fire             3
   g - Mephitic Cloud                 Conjuration/Poison/Air       3
 u - a book of Callings

   Spells                             Type                      Level
   a - Summon Small Mammal            Summoning                    1
   b - Call Imp                       Summoning                    2
   c - Call Canine Familiar           Summoning                    3
   d - Summon Guardian Golem          Hexes/Summoning              3
   e - Summon Lightning Spire         Summoning/Air                4
   f - Summon Ice Beast               Ice/Summoning                4
Comestibles
 d - 2 bread rations
 p - a beef jerky
 s - a meat ration


   Skills:
 + Level 3.2 Dodging
 + Level 3.6 Stealth
 * Level 5.4 Spellcasting
 + Level 2.5 Conjurations
 + Level 1.7 Summonings
 - Level 1.1 Translocations
 + Level 1.3 Air Magic
 + Level 1.2 Poison Magic


You had one spell level left.
You knew the following spells:

 Your Spells              Type           Power        Failure   Level  Hunger
a - Magic Dart            Conj           ###.         3%          1    None
b - Call Imp              Summ           ##......     8%          2    None
c - Blink                 Tloc           N/A          12%         2    None
d - Repel Missiles        Chrm/Air       #.....       12%         2    None
e - Mephitic Cloud        Conj/Pois/Air  ##......     14%         3    #......
f - Conjure Flame         Conj/Fire      ##......     17%         3    #......


Dungeon Overview and Level Annotations

Branches:
Dungeon (3/15)

Altars:
Trog


Message History

In your confused state, you trip and fall back down the stairs.
You hear some strange, mumbled words.
You are more confused.
In your confused state, you trip and fall back down the stairs.
Something hits you but does no damage. Something hits you.
* * * LOW HITPOINT WARNING * * *
You climb upwards.
There is a stone staircase leading down here.
You bump into the rock wall.
You hear some strange, mumbled words.
You are more confused.
You're too confused to cast spells.
You are a level 5 Deep Elf Wizard.
You are 13% of the way to level 6.
Play time: 00:05:36 (3276 turns)
You bump into the rock wall.
You hear some strange, mumbled words.
A magic dart appears from out of thin air!
The magic dart hits you!
You die...

#####.# #..........#
#.# #....####### #.#
#...## #.# ###.#
#.#########.#
#...........##
#.#####......##########
#.#####)###............
#.....@..#...##########
#.#####...........# #.#
#..........##.#
#.###.#.#.....###.#
#........<......#.#
#.##....###.###.#.#
#...........# #.#.#####
####....##### #.#......
##.#.# #........


There were no monsters in sight!

Vanquished Creatures
  A worker ant zombie (D:3)
  2 adders (D:2)
  2 worms
  2 leopard geckos
  6 orcs
  6 bats
  A giant cockroach (D:2)
  3 goblins
  7 hobgoblins
  3 jackals (D:3)
  A quokka (D:3)
  A frilled lizard (D:1)
  3 kobolds
  10 rats
48 creatures vanquished.

Vanquished Creatures (collateral kills)
  A phantom (D:3)
  A worm (D:2)
  6 orcs (D:3)
8 creatures vanquished.

Vanquished Creatures (others)
  An orc (D:3)
1 creature vanquished.

Grand Total: 57 creatures vanquished

Notes
Turn   | Place    | Note
-------+----------+-------------------------------------------
     0 | D:1      | Mefis the Deep Elf Wizard began the quest for the Orb.
     0 | D:1      | Reached XP level 1. HP: 10/10 MP: 7/7
   196 | D:1      | Reached XP level 2. HP: 15/15 MP: 4/9
   200 | D:1      | Learned a level 2 spell: Call Imp
   203 | D:1      | Learned a level 2 spell: Blink
   210 | D:1      | Learned a level 2 spell: Repel Missiles
  1039 | D:2      | Reached XP level 3. HP: 13/19 MP: 2/11
  1044 | D:2      | Learned a level 3 spell: Mephitic Cloud
  1157 | D:2      | Reached skill level 5 in Spellcasting
  1162 | D:2      | Found a bloodstained altar of Trog.
  2041 | D:3      | Reached skill level 1 in Air Magic
  2069 | D:3      | Reached XP level 4. HP: 16/24 MP: 0/13
  2150 | D:3      | Learned a level 3 spell: Conjure Flame
  2480 | D:3      | Noticed a phantom
  2574 | D:3      | Killed a phantom
  2574 | D:3      | Reached skill level 1 in Poison Magic
  2819 | D:3      | Reached XP level 5. HP: 26/28 MP: 4/14
  3276 | D:2      | Killed from afar by an orc wizard

Skill      XL: |  1  2  3  4 |
---------------+-------------+-----
Spellcasting   | 5 |  5.4
Stealth        | 3 |  3.6
Dodging        | 3 |  3.2
Conjurations   | 2 |  2.5
Air Magic      | 1 |  1.3
Poison Magic   | 1 |  1.2
Summonings     | |  1.7
Translocations | |  1.1

Action                   |  1- 3 |  4- 6 || total
-------------------------+-------+-------++-------
Melee: Unarmed           |     3 |       ||     3
       Dagger            |     2 |     5 ||     7
 Cast: Magic Dart        |    91 |    58 ||   149
       Call Imp          |     4 |    12 ||    16
       Repel Missiles    |     1 |       ||     1
       Mephitic Cloud    |       |     1 ||     1
 Stab: Sleeping          |     1 |       ||     1
  Eat: Chunk             |     3 |     3 ||     6
Armor: Robe              |     3 |     4 ||     7
Dodge: Dodged            |    18 |    12 ||    30
       Deflected         |       |     6 ||     6
